 Dungeon Crawl Stone Soup version 0.23-a0-446-g036aa52 (webtiles) character file.

352 JeffiDaFish the Purveyor of Pain (level 6, 0/25 HPs)
             Began as a Deep Elf Necromancer on Nov 18, 2018.
             Was an Initiate of Kikubaaqudgha.
             Slain by an orc wizard
             ... wielding a +0 dagger
              (1 damage)
             ... on level 4 of the Dungeon.
             The game lasted 00:08:20 (4318 turns).

JeffiDaFish the Purveyor of Pain (DENe)             Turns: 4318, Time: 00:08:23

Health: 0/25       AC:  3    Str:  8    XL:     6   Next: 34%
Magic:  3/14       EV: 14    Int: 21    God:    Kikubaaqudgha [......]
Gold:   158        SH:  0    Dex: 15    Spells: 7/14 levels left

rFire    . . .     SeeInvis .   i - +0 rapier
rCold    + . .     Gourm    +   (no shield)
rNeg     . . .     Faith    .   a - +1 robe
rPois    .         Spirit   .   (no helmet)
rElec    .         Reflect  .   (no cloak)
rCorr    .         Harm     .   (no gloves)
MR       .....                  (no boots)
Stlth    +++.......             b - amulet of the gourmand
HPRegen  0.08/turn              (no ring)
MPRegen  0.14/turn              (no ring)

@: berserk cooldown, slowed, very slow
A: cold resistance 1, frail 2, strong 1
a: Renounce Religion


You were on level 4 of the Dungeon.
You worshipped Kikubaaqudgha.
Kikubaaqudgha was noncommittal.
You were very full.

You visited 2 branches of the dungeon, and saw 5 of its levels.

You collected 158 gold pieces.

Inventory:

Hand Weapons
 e - a +0 vampiric dagger
 i - a +0 rapier (weapon)
Armour
 a - a +1 robe (worn)
Jewellery
 b - an amulet of the gourmand (around neck)
Scrolls
 f - a scroll of amnesia
 g - 5 scrolls of identify
 j - a scroll of enchant armour
 l - a scroll of magic mapping {unknown}
Potions
 h - a potion of berserk rage
Comestibles
 c - 5 rations


   Skills:
 + Level 4.0 Dodging
 + Level 4.1 Stealth
 + Level 4.6 Spellcasting
 + Level 2.6 Hexes
 * Level 6.8 Necromancy


You had 7 spell levels left.
You knew the following spells:

 Your Spells              Type           Power        Failure   Level  Hunger
a - Pain                  Necr           ####         1%          1    None
b - Vampiric Draining     Necr           ####......   1%          3    ##.....
c - Confuse               Hex            ###.....     12%         3    ##.....

Your spell library contained the following spells:

 Spells                   Type           Power        Failure   Level  Hunger
 Animate Skeleton         Necr           N/A          1%          1    None
 Confusing Touch          Hex            ###...       3%          1    None
 Animate Dead             Necr           N/A          7%          4    ####...
 Regeneration             Chrm/Necr      ###.......   9%          3    ##.....
 Gell's Gravitas          Tloc           #.........   34%         3    ##.....
 Petrify                  Tmut/Erth      #.......     75%         4    ####...
 Metabolic Englaciation   Hex/Ice        ##........   88%         5    ######.
 Yara's Violent Unravell  Hex/Tmut       ##........   88%         5    ######.


Dungeon Overview and Level Annotations

Branches:
Dungeon (4/15)             Temple (1/1) D:4

Altars:
Cheibriados
Dithmenos
Elyvilon
Kikubaaqudgha
Okawaru
Qazlal
Sif Muna
Trog
Wu Jian
Zin


Innate Abilities, Weirdness & Mutations

Your flesh is cold resistant. (rC+)
You are very frail. (-20% HP)
Your muscles are strong. (Str +2)


Message History

An orc wizard comes into view. It is wielding a -3 dagger.
The phantom blinks!
You barely miss the orc. The orc hits you but does no damage.
You closely miss the orc. The orc hits you with a +0 dagger.
* * * LOW HITPOINT WARNING * * *
The orc wizard points at you and mumbles some strange words.
You barely miss something. Something hits you but does no damage.
You closely miss something. Something hits you but does no damage.
You hit something. Something hits you but does no damage.
You miss something. Something hits you.
* * * LOW HITPOINT WARNING * * *
You hit something. Something hits you.
* * * LOW HITPOINT WARNING * * *
You barely miss something.
You feel yourself speed up.
You are no longer berserk.
You are exhausted.
You feel yourself slow down. Something hits you but does no damage.
Something hits you.
You die...
Kikubaaqudgha rasps: "You have failed me!
Welcome... death!"

##...####..........####
##.....##...........#
##......##.........).#
#....................#
#......#.............#
#..W....##.o..........#
#........##Wo#.........#
#...o.....###)#.........#
#....o#...##
#@#.......###
#.....##...# #.##..#####
.....# #...# #..####
..l.# #...# ##.# .# ..
#.. ... #...


You could see a phantom, an orc wizard and an orc.

Vanquished Creatures
  An ogre (D:3)
  A scorpion (D:3)
  A howler monkey (D:4)
  A bullfrog zombie (D:3)
  An orc wizard (D:4)
  3 adders
  3 gnolls (D:2)
  An ooze (D:4)
  2 worms (D:2)
  3 leopard geckos
  8 orcs
  A ball python (D:3)
  2 giant cockroaches (D:1)
  3 goblins
  2 hobgoblins
  5 jackals
  7 bats
  2 frilled lizards
  5 kobolds
  5 rats
57 creatures vanquished.

Notes
Turn   | Place    | Note
-------+----------+-------------------------------------------
     0 | D:1      | JeffiDaFish the Deep Elf Necromancer began the quest for
                  | the Orb.
     0 | D:1      | Reached XP level 1. HP: 10/10 MP: 6/6
   236 | D:1      | Reached skill level 5 in Necromancy
   716 | D:1      | Reached XP level 2. HP: 12/15 MP: 4/8
  1274 | D:2      | Reached XP level 3. HP: 12/19 MP: 3/9
  1290 | D:2      | Learned a level 3 spell: Vampiric Draining
  1624 | D:2      | Learned a level 3 spell: Confuse
  2079 | D:3      | Noticed a scorpion
  2083 | D:3      | Killed a scorpion
  2083 | D:3      | Reached skill level 1 in Hexes
  2083 | D:3      | Reached XP level 4. HP: 12/24 MP: 4/11
  2230 | D:3      | Reached skill level 6 in Necromancy
  3124 | D:3      | Reached XP level 5. HP: 9/28 MP: 10/13
  3557 | D:3      | Noticed an ogre
  3565 | D:3      | Killed an ogre
  4021 | D:4      | Gained mutation: Your muscles are strong. (Str +2) [potion
                  | of mutation]
  4021 | D:4      | Gained mutation: You are frail. (-10% HP) [potion of
                  | mutation]
  4021 | D:4      | Gained mutation: You are very frail. (-20% HP) [potion of
                  | mutation]
  4021 | D:4      | Gained mutation: Your flesh is cold resistant. (rC+)
                  | [potion of mutation]
  4040 | D:4      | Reached XP level 6. HP: 24/25 MP: 11/14
  4044 | D:4      | Found a staircase to the Ecumenical Temple.
  4166 | Temple   | Entered the Ecumenical Temple
  4182 | Temple   | Became a worshipper of Kikubaaqudgha
  4318 | D:4      | Slain by an orc wizard

Vault maps used:
D:1:      lemuel_arrival_lava_pool
D:2:      minmay_vboxes
D:4:      minmay_temple_entry_waves, first_ration, small_statue_intersection
Temple:   grunt_wide_crystal_templ

Skill      XL: |  1  2  3  4  5  6 |
---------------+-------------------+-----
Necromancy     | 5 6 |  6.8
Stealth        | 3 4 |  4.1
Dodging        | 3 4 |  4.0
Hexes          | 1 2 |  2.6
Spellcasting   | 4 |  4.6

Action                   |  1- 3 |  4- 6 || total
-------------------------+-------+-------++-------
Melee: Short sword       |     5 |     4 ||     9
       Rapier            |       |    45 ||    45
 Cast: Pain              |    52 |    39 ||    91
       Vampiric Draining |     3 |    14 ||    17
       Confuse           |       |     6 ||     6
  Use: Potion            |     8 |     6 ||    14
       Scroll            |     6 |       ||     6
 Stab: Sleeping          |     1 |     3 ||     4
  Eat: Chunk             |    10 |    16 ||    26
Armor: Robe              |     1 |    18 ||    19
Dodge: Dodged            |    12 |    63 ||    75

Table legend:
 A = Non-vault XP
 B = Vault XP
 C = Vault XP percentage of total XP
 D = Non-vault monster count
 E = Vault monster count
 F = Vault count percentage of total count
                 A         B        C        D         E       F
            +---------+---------+-------+---------+---------+-------
      Total |     481 |      22 |   4.4 |      52 |       5 |   8.8
            +---------+---------+-------+---------+---------+-------
        D:1 |      18 |       0 |   0.0 |      12 |       0 |   0.0
        D:2 |      54 |       9 |  14.3 |      10 |       4 |  28.6
        D:3 |     291 |       0 |   0.0 |      21 |       0 |   0.0
        D:4 |     118 |      13 |   9.9 |       9 |       1 |  10.0
            +---------+---------+-------+---------+---------+-------
